 Dungeon Crawl Stone Soup version 0.31-a0-1009-g454b1f1e0a (webtiles) character file.

Game seed: 2131029418050600262

12478 Turgor the Mimic (level 11, -3/97 HPs)
             Began as a Green Draconian Shapeshifter on Nov 13, 2023.
             Was an Initiate of Gozag.
             Slain by a two-headed ogre
             ... wielding a +0 giant spiked club
              (22 damage)
             ... on level 12 of the Dungeon.
             The game lasted 01:04:33 (14384 turns).

Turgor the Mimic (Green Draconian Shapeshifter)    Turns: 14384, Time: 01:04:34

Health: -3/97      AC:  8    Str: 17    XL:     11   Next: 63%
Magic:  11/11      EV: 16    Int: 10    God:    Gozag
Gold:   1269       SH:  0    Dex: 15    Spells: 7/10 levels left

rFire   . .          .
                       - Unarmed
rCold   . . .        (shield currently unavailable)
rNeg    . . .        (body armour unavailable)
rPois   +            (helmet restricted)
rElec   .            u - scarf of Noughts and Crosses {shadows, Will+}
rCorr   .            (no gloves)
SInv    .            s - +0 pair of boots
Will    +....        H - amulet of magic regeneration
Stlth   +            (no ring)
HPRegen 0.36/turn    (no ring)
MPRegen 0.52/turn

%: no passive effects
@: short of breath, flux-form, gold aura, glowing
A: glow, contaminating, breathe noxious fumes, AC +7, unfitting armour, poison
resistance, cold-blooded
a: Breathe Noxious Fumes, Begin Untransformation, Renounce Religion, Potion
Petition, Call Merchant, Bribe Branch


You were on level 12 of the Dungeon.
You worshipped Gozag.
Gozag was most pleased with you.
You were something dangerously unstable.
You visited 1 branch of the dungeon, and saw 12 of its levels.
You also visited: Sewer and Ossuary.

You collected 2265 gold pieces.
You spent 640 gold pieces at shops.
You paid 356 gold pieces to Gozag.

Inventory:

Missiles
 m - 27 poisoned darts (quivered)
Armour
 s - a +0 pair of boots (worn)
 u - the scarf of Noughts and Crosses (worn) {shadows, Will+}
   (You found it in a sewer)

   Will+:     It increases your willpower.
Jewellery
 H - an amulet of magic regeneration (around neck)
 I - a ring of ice
 Q - a ring of fire
Talismans
 b - a beast talisman
 c - a flux talisman (active)
 k - a granite talisman
 x - a serpent talisman
Wands
 d - a wand of mindburst (10)
 p - a wand of charming (19)
 A - a wand of acid (2)
 F - a wand of flame (19)
 P - a wand of iceblast (4)
Scrolls
 a - 5 scrolls of teleportation
 e - 2 scrolls of revelation {unknown}
 h - 2 scrolls of amnesia
 i - a scroll of fog
 l - a scroll of brand weapon {unknown}
 o - 2 scrolls of vulnerability
 q - 3 scrolls of poison
 r - a scroll of immolation
 t - 2 scrolls of summoning
 w - 2 scrolls of fear {unknown}
 y - a scroll of enchant weapon {unknown}
 B - a scroll of silence {unknown}
 G - a scroll of acquirement {unknown}
 K - a scroll of enchant armour {unknown}
 N - 2 scrolls of noise {unknown}
 O - a scroll of torment {unknown}
Potions
 f - 2 potions of invisibility
 g - 2 potions of haste
 j - 4 potions of heal wounds
 n - 3 potions of might
 v - 2 potions of enlightenment
 z - 2 potions of berserk rage
 C - 5 potions of brilliance {unknown}
 D - 5 potions of curing {unknown}
 E - 3 potions of resistance {unknown}
 J - 2 potions of lignification
 L - 2 potions of ambrosia {unknown}
Miscellaneous
 M - a condenser vane


   Skills:
 - Level 9.0 Fighting
 + Level 8.0 Dodging
 - Level 9.0 Unarmed Combat
 * Level 11.5 Shapeshifting


You had 7 spell levels left.
You knew the following spells:

 Your Spells              Type           Power      Damage    Failure   Level
a - Apportation           Tloc           0%         N/A       36%         1
b - Wereblood             Tmut           0%         N/A       50%         2

Your spell library contained the following spells:

 Spells                   Type           Power      Damage    Failure   Level
 Magic Dart               Conj           0%         1d3       36%         1
 Summon Small Mammal      Summ           0%         N/A       36%         1
 Ensorcelled Hibernation  Hex/Ice        0%         N/A       50%         2
 Jinxbite                 Hex            0%         N/A       50%         2
 Poisonous Vapours        Pois/Air       0%         N/A       50%         2
 Searing Ray              Conj           0%         2d4       50%         2
 Sublimation of Blood     Necr           0%         N/A       50%         2
 Call Canine Familiar     Summ           0%         N/A       75%         3
 Dazzling Flash           Conj/Hex       0%         N/A       75%         3
 Ozocubu's Armour         Ice            0%         N/A       75%         3
 Summon Guardian Golem    Hex/Summ       0%         N/A       75%         3
 Fulminant Prism          Conj/Hex       0%         3d5       98%         4
 Olgreb's Toxic Radiance  Pois           0%         N/A       98%         4
 Agony                    Necr           0%         N/A       100%        5
 Alistair's Intoxication  Tmut/Pois      0%         N/A       100%        5
 Silence                  Hex/Air        0%         N/A       100%        5
 Summon Hydra             Summ           0%         N/A       100%        7
 Discord                  Hex            0%         N/A       100%        8
 Ignition                 Fire           0%         3d3       100%        8


Dungeon Overview and Level Annotations

Branches:
Dungeon (12/15)            Temple (0/1) D:4            Lair (0/5) D:11
  Sewer (visited)         Ossuary (visited)
    Orc: D:9-12

Altars:
Cheibriados
Gozag
Nemelex Xobeh
Qazlal
Ru
Sif Muna
Trog
Uskayaw
Wu Jian
Zin

Shops:
D:3 =   D:8 [   D:9 :   D:10 *

Annotations:
D:11 2 runed translucent doors, exclusion: 2 doors


Innate Abilities, Weirdness & Mutations

You are something dangerously unstable.
You glow with magical radiation, making you easy to see and hit.
Foes you strike become dangerously contaminated with magical radiation.
You are incapable of wielding weapons or throwing items.
You can breathe blasts of noxious fumes.
Your lurid green scales are hard. (AC +7)
You cannot fit into any form of body armour.
Your system is resistant to poisons. (rPois)
You are cold-blooded and may be slowed by cold attacks.


Message History

The blast of choking fumes hits the two-headed ogre.
The two-headed ogre is lightly wounded.
The blast of choking fumes hits the vampire mosquito.
The vampire mosquito completely resists.
The vampire mosquito is no longer distracted by gold.
The vampire mosquito buzzes angrily.
The two-headed ogre is engulfed in noxious fumes.
Unknown command.
You punch the two-headed ogre!
The two-headed ogre begins to glow.
You tail-slap the two-headed ogre.
The two-headed ogre is moderately wounded.
The two-headed ogre is engulfed in noxious fumes.
The two-headed ogre appears confused.
The two-headed ogre hits you with a +0 giant spiked club!
The two-headed ogre hits you with a +0 giant spiked club!!
You hit the two-headed ogre.
The two-headed ogre glows dangerously bright.
The two-headed ogre is moderately wounded.
The vampire mosquito is distracted by your dazzling golden aura.
You strike the helpless two-headed ogre from behind!
You hit the two-headed ogre.
The two-headed ogre shudders as magic cascades through it.
The two-headed ogre twists and deforms.
The two-headed ogre is heavily wounded.
The two-headed ogre is engulfed in noxious fumes.
The two-headed ogre ponders the situation.
The two-headed ogre hits you with a +0 giant spiked club!
* * * LOW HITPOINT WARNING * * *
The two-headed ogre closely misses you.
The vampire mosquito buzzes angrily.
You strike the helpless two-headed ogre from behind!
You hit the two-headed ogre.
The two-headed ogre begins to glow.
The two-headed ogre is heavily wounded.
You hit the two-headed ogre.
The two-headed ogre glows dangerously bright.
The two-headed ogre is heavily wounded.
The two-headed ogre seems less confused.
The two-headed ogre hits you with a +0 giant spiked club!!
You die...
Your body crumbles into a pile of gold.

~~~.~.###...###.~~~
~~~~~~..#..~..#..~~~
~~~..~~...~~~...~~~~
~~....~.#~#~~.~~##
#..#............#
#..#..#..#..#...#
##....###...###..#
.....#..#..#..#...#
######.##...###Op.###
..............y####
....##.##..###.#
....##.##.......
....'...#.####.
....##..#.. #.
#...##..... #.
+....#.#####
#...........


You could see a two-headed ogre (heavy contam, misshapen) and a vampire
mosquito.

Vanquished Creatures
  Erica (D:9)
  2 two-headed ogres (D:10)
  A deep elf pyromancer (D:12)
  Pikel (D:4)
  A manticore (D:11)
  Joseph (D:10)
  A komodo dragon (D:11)
  2 trolls
  A hornet (D:10)
  A shadow (D:10)
  2 wraiths
  19 yaks
  Grum (D:9)
  4 vampire mosquitoes
  A steam dragon (D:8)
  Edmund (D:4)
  A water moccasin (D:6)
  A black bear (D:6)
  Pargi (Sewer)
  4 orc warriors
  3 sky beasts
  4 wolves
  3 centaurs
  2 lemures (D:4)
  A kobold brigand (D:10)
  An elf zombie (Ossuary)
  4 bullfrogs
  Blork the orc (D:5)
  2 gnoll sergeants
  2 scorpions (D:6)
  7 wights
  9 killer bees
  2 howler monkeys
  5 jellies
  3 hounds
  4 orc priests
  A human zombie (Ossuary)
  A sleepcap (D:5)
  4 iguanas
  2 orc wizards (D:9)
  2 mummies (Ossuary)
  12 adders
  24 gnolls
  A river rat (D:3)
  2 shadow imps
  2 white imps
  2 adder zombies (Ossuary)
  A worm (D:2)
  2 dart slugs
  20 orcs
  15 endoplasms
  8 giant cockroaches
  3 goblins
  5 hobgoblins
  18 jackals
  22 kobolds
  3 quokkas
  11 ball pythons
  8 bats
  A frilled lizard (D:1)
  4 goblin zombies (Ossuary)
  10 hobgoblin zombies (Ossuary)
  2 jackal zombies (Ossuary)
  7 kobold zombies (Ossuary)
  8 orc zombies (Ossuary)
  5 rats
  2 rat zombies (Ossuary)
308 creatures vanquished.

Vanquished Creatures (collateral kills)
  A bullfrog (D:8)
  3 killer bees (D:8)
4 creatures vanquished.

Vanquished Creatures (others)
  A killer bee (D:8)
  A jelly (D:4)
2 creatures vanquished.

Grand Total: 314 creatures vanquished

Notes
Turn   | Place    | Note
-------+----------+-------------------------------------------
     0 | D:1      | Turgor the Draconian Shapeshifter began the quest for the
                  | Orb.
     0 | D:1      | Reached XP level 1. HP: 16/16 MP: 1/1
     1 | D:1      | Noticed an electric eel
    50 | D:1      | Reached XP level 2. HP: 22/23 MP: 2/2
   375 | D:1      | Reached XP level 3. HP: 29/29 MP: 3/3
   766 | D:2      | Found a faded altar of an unknown god.
   930 | D:2      | Identified the +5 short sword of the Turnip {heavy, rF- rC+
                  | Int+2 Stlth+}
  1437 | D:2      | Reached XP level 4. HP: 36/36 MP: 4/4
  1547 | D:3      | Found a glowing silver altar of Zin.
  1709 | D:3      | Found a glowing drain.
  1713 | Sewer    | Entered a sewer
  1735 | Sewer    | Identified the scarf of Noughts and Crosses {shadows,
                  | Will+}
  1824 | Sewer    | Noticed Pargi
  1840 | Sewer    | Killed Pargi
  1841 | Sewer    | Reached skill level 4 in Shapeshifting
  1841 | Sewer    | Reached XP level 5. HP: 42/42 MP: 5/5
  2159 | D:3      | Found Patum's Jewellery Shop.
  2223 | D:3      | Found a bloodstained altar of Trog.
  2451 | D:3      | Reached XP level 6. HP: 41/51 MP: 6/6
  2927 | D:4      | Identified the of Ciojor
  3035 | D:4      | Learned a level 1 spell: Apportation
  3068 | D:4      | HP: 1/51 [acid (8)]
  3315 | D:4      | Found a shimmering blue altar of Sif Muna.
  3315 | D:4      | Found a stormy altar of Qazlal.
  3315 | D:4      | Found a sparkling altar of Nemelex Xobeh.
  3315 | D:4      | Found a sparkling altar of Nemelex Xobeh.
  3315 | D:4      | Found a sacrificial altar of Ru.
  3315 | D:4      | Found an opulent altar of Gozag.
  3355 | D:4      | Became a worshipper of Gozag Ym Sagoz the Greedy
  3428 | D:4      | Found a staircase to the Ecumenical Temple.
  3697 | D:4      | Noticed Edmund
  3717 | D:4      | Killed Edmund
  3718 | D:4      | Reached skill level 5 in Shapeshifting
  3718 | D:4      | Your scales start taking on a lurid green colour.
  3718 | D:4      | Reached XP level 7. HP: 27/58 MP: 7/7
  3718 | D:4      | Gained mutation: Your system is resistant to poisons.
                  | (rPois) [Green Draconian growth]
  3867 | D:4      | Found an ornate altar of the Wu Jian Council.
  4002 | D:4      | Noticed Pikel
  4073 | D:4      | Killed Pikel
  4074 | D:4      | Reached skill level 5 in Unarmed Combat
  4074 | D:4      | Reached skill level 6 in Shapeshifting
  4360 | D:4      | Found an opulent altar of Gozag.
  4713 | D:4      | Reached XP level 8. HP: 62/67 MP: 8/8
  5091 | D:5      | Entered Level 5 of the Dungeon
  5349 | D:5      | Noticed Blork the orc
  5519 | D:5      | Killed Blork the orc
  5928 | D:6      | Noticed a troll
  6032 | D:6      | Reached skill level 5 in Fighting
  6063 | D:5      | HP: 2/68 [troll (9)]
  6065 | D:5      | Killed a troll
  6066 | D:5      | Reached skill level 7 in Shapeshifting
  6376 | D:6      | Reached skill level 5 in Dodging
  6376 | D:6      | Reached XP level 9. HP: 37/75 MP: 9/9
  6927 | D:6      | Reached skill level 8 in Shapeshifting
  7283 | D:6      | Identified the +5 ring mail of the Thinker {rElec rF+
                  | Will+++}
  7403 | D:7      | Identified the +5 sling "Haib" {speed, Drain rN+ Stlth+}
  8032 | D:7      | Found a sparkling altar of Nemelex Xobeh.
  8038 | D:7      | Found a shimmering blue altar of Sif Muna.
  8306 | D:8      | Found a snail-covered altar of Cheibriados.
  8308 | D:8      | Found Cheibriados's Comfort Zone.
  8562 | D:8      | Found a sand-covered staircase.
  8570 | Ossuary  | Entered an ossuary
  8966 | D:8      | Reached skill level 9 in Shapeshifting
  8966 | D:8      | Reached XP level 10. HP: 58/86 MP: 10/10
  9618 | D:8      | Noticed a +0 falchion
  9618 | D:8      | Noticed a +0 spear
  9618 | D:8      | Noticed a +0 dagger
  9619 | D:8      | Noticed a +0 short sword
  9620 | D:8      | Noticed a +0 dagger
  9620 | D:8      | Noticed a +0 spear
  9621 | D:8      | Noticed a +0 short sword
  9621 | D:8      | Noticed a +0 falchion
  9712 | D:8      | Found a hide-covered altar of Uskayaw.
 10288 | D:9      | Noticed Grum
 10645 | D:9      | Killed Grum
 10769 | D:9      | Reached skill level 10 in Shapeshifting
 10957 | D:9      | Learned a level 2 spell: Wereblood
 11180 | D:9      | Found Liefafago's Vocational Training.
 11190 | D:9      | Found a sacrificial altar of Ru.
 11409 | D:9      | Noticed Erica
 11658 | D:10     | Identified the "Leofrats"
 11658 | D:10     | Entered Level 10 of the Dungeon
 11724 | D:10     | Noticed a two-headed ogre
 11748 | D:10     | Killed a two-headed ogre
 11965 | D:10     | Noticed Joseph
 11966 | D:10     | Found Irghyulol's Demolitions Depot.
 11977 | D:10     | Killed Joseph
 11978 | D:10     | Reached XP level 11. HP: 50/95 MP: 11/11
 11984 | D:10     | Bought a condenser vane for 640 gold pieces
 12476 | D:10     | Noticed a two-headed ogre
 12506 | D:10     | Killed a two-headed ogre
 12934 | D:9      | Killed Erica
 13098 | D:11     | Reached skill level 11 in Shapeshifting
 13150 | D:11     | Noticed a boulder beetle
 13151 | D:11     | Found a runed translucent door.
 13151 | D:11     | Found a runed translucent door.
 13151 | D:11     | Noticed a sphinx
 13151 | D:11     | Noticed an ogre mage
 13151 | D:11     | Noticed a purple ugly thing
 13382 | D:11     | Found a staircase to the Lair.
 14106 | D:12     | Noticed a deep elf pyromancer
 14120 | D:12     | Killed a deep elf pyromancer
 14373 | D:12     | Noticed a two-headed ogre
 14384 | D:12     | Slain by a two-headed ogre

Illustrated notes

Levels and vault maps discovered:
D:1:      arrival_aquarium_a, layout_loops_cross
D:2:      layout_loops_corners, hellmonk_ecumenical_altar_slurped_away
D:3:      layout_loops_corners, mainiacjoe_overflow_boulevard,
          mainiacjoe_overflow_catwalk, gup_sewer_entry_bowl, serial_shops,
          nicolae_shop_peninsula
D:4:      cheibrodos_fertilizer, layout_layer_cave, nicolae_gozag_seed_capital,
          nzn_wu_jian_contemplation, temple_green, nicolae_half_adder,
          uniq_edmund, uniq_pikel
D:5:      layout_loops_ring, hangedman_decor_lopped, minmay_misc_feat_ornament,
          uniq_blork_the_orc
D:6:      layout_rooms, minmay_microvault
D:7:      layout_loops_ring, mainiacjoe_overflow_big_doors
D:8:      layout_layer_cave, nicolae_uskayaw_en_pointe,
          mainiacjoe_ossuary_entry_dusty_tomb, minmay_shop_chei
D:9:      layout_loops_ring, hangedman_ru_absence, minmay_misc_feat_hallway,
          nicolae_shop_vocational, uniq_grum, uniq_erica
D:10:     layout_long_grid, nicolae_blasting_shop, unseen_surprise_small,
          uniq_joseph
D:11:     minmay_the_grid_triangle_9x9_line_8_mashed
          [minmay_the_grid_triangle_9x9_fully_insulated_deathbox,
          minmay_the_grid_triangle_9x9_limited_checkers,
          minmay_the_grid_triangle_9x9_empty,
          minmay_the_grid_triangle_9x9_stretched_checkered,
          minmay_the_grid_triangle_9x9_semitri,
          minmay_the_grid_triangle_9x9_shrine,
          minmay_the_grid_triangle_9x9_impossible_snake,
          minmay_the_grid_triangle_9x9_prize_center], layout_loops_ring,
          david_lair_shrubbed, nrook_loot_triangle
D:12:     layout_basic, kennysheep_orc_monster_closet_entryway,
          minmay_strange_pillars, minmay_circle_x, uniq_josephine

Skill      XL: |  1  2  3  4  5  6  7  8  9 10 11 |
---------------+----------------------------------+-----
Dodging        | 2 3 4 5 6 7 8 |  8.0
Fighting       | 2 3 4 5 7 8 9 |  9.0
Shapeshifting  | 4 5 6 7 9 10 11 | 11.5
Unarmed Combat | 4 5 6 7 8 9 |  9.0

Action                     |  1- 3 |  4- 6 |  7- 9 | 10-12 || total
---------------------------+-------+-------+-------+-------++-------
  Melee: Unarmed           |   114 |   197 |   448 |   352 ||  1111
         Tailslap          |    13 |    28 |    78 |    85 ||   204
         Punch             |     2 |     4 |     5 |       ||    11
   Fire: Sling             |    10 |       |       |       ||    10
  Throw: Dart              |       |     2 |    31 |       ||    33
 Invoke: Potion Petition   |       |       |     1 |       ||     1
Ability: Breathe Noxious F |       |       |     2 |     8 ||    10
  Evoke: Wand              |       |     6 |     1 |     9 ||    16
    Use: Scroll            |       |     4 |    10 |     2 ||    16
         Potion            |       |     3 |       |       ||     3
   Stab: Sleeping          |     2 |     4 |       |       ||     6
         Distracted        |       |     1 |     3 |     1 ||     5
         Confused          |       |       |     2 |     6 ||     8
 Armour: Skin              |    52 |   125 |   213 |   199 ||   589
  Dodge: Dodged            |    52 |    88 |   213 |   238 ||   591
   Form: Flux              |       |       |     1 |       ||     1

Table legend: (Time is in decaauts)
 A = Elapsed time spent in this place.
 B = Non-inter-level travel time spent in this place.
 C = Inter-level travel time spent in this place.
 D = Time resting spent in this place.
 E = Time spent auto-exploring this place.
 F = Levels seen in this place.
 G = Mean time per level.
                   A        B        C        D        E       F      G
               +--------+--------+--------+--------+--------+-----+--------+
         Total |  14294 |  13894 |    400 |   1750 |   8427 |  14 | 1021.0 |
       Dungeon |  13793 |  13393 |    400 |   1717 |   8400 |  12 | 1149.4 |
         Sewer |    184 |    184 |      0 |     33 |     27 |   1 |  184.0 |
       Ossuary |    317 |    317 |      0 |      0 |      0 |   1 |  317.0 |
               +--------+--------+--------+--------+--------+-----+--------+

Top non-repeatable levels by time:
     D:4: 2155 daAuts
     D:8: 1893 daAuts
    D:10: 1274 daAuts
     D:3: 1265 daAuts
     D:9: 1172 daAuts
     D:6: 1126 daAuts
     D:5: 1125 daAuts
    D:11: 1039 daAuts
     D:7: 911 daAuts
     D:2: 751 daAuts
     D:1: 719 daAuts
    D:12: 358 daAuts
 Ossuary: 317 daAuts
   Sewer: 184 daAuts
